[ AOE2 MATCH · #489177416 ]
1v1 RMInca vs Sicilians
Player's team · LOSS
Rival team · WIN
[ REPLAY ANALYSIS · EXTRACTED FROM THE RECORDED GAME ]
Feudal
9:09
Castle
21:37
Imperial
—
| APM avg | 42.7 |
| APM peak | 70 |
| eAPM avg | 18.7 |
| Villagers / military | 97 / 1 |
Focus
⚔️ 38.5% · 🌾 61.5%
Unknown (2550) ×50 · Monk ×1
Feudal
9:06
Castle
21:04
Imperial
—
| APM avg | 44.2 |
| APM peak | 80 |
| eAPM avg | 24.2 |
| Villagers / military | 157 / 22 |
Focus
⚔️ 37.2% · 🌾 62.8%
Archer ×12 · Monk ×5 · Battering Ram ×3 · Mangonel ×2
Match map
Initial resources + every placement click. Lines = walls · curves = elevation contours. ◆ gold · ⬟ stone · ● berries · ✦ relic · ◌ wall gap
Your base· Open — unwalled flank
チャンス's base· ✓ Closed at 21:04 · 25t walls · 1 gate(s)
Smoothed initial terrain · ◌ = detected wall gap · hover for details
Inputs per minute
— SbS | Havoc - - チャンス
Build order — SbS | Havoc
First 150 of 236 actions detected
| 0:00 | Create | Villager (Male) |
| 0:01 | Create | Villager (Male) |
| 0:01 | Create | Villager (Male) |
| 0:01 | Create | Villager (Male) |
| 0:02 | Build | House |
| 0:03 | Build | House |
| 0:12 | Build | Settlement |
| 1:37 | Create | Villager (Male) |
| 1:56 | Create | Villager (Male) |
| 2:42 | Create | Villager (Male) |
| 3:01 | Create | Villager (Male) |
| 3:31 | Create | Villager (Male) |
| 3:31 | Create | Villager (Male) |
| 3:50 | Create | Villager (Male) |
| 4:11 | Create | Villager (Male) |
| 4:40 | Create | Villager (Male) |
| 4:42 | Create | Villager (Male) |
| 5:16 | Create | Villager (Male) |
| 5:38 | Create | Villager (Male) |
| 6:19 | Build | Settlement |
| 6:29 | Research | Loom |
| 6:59 | Research | Feudal Age |
| 7:11 | Build | Barracks |
| 8:15 | Create | Unit 2550 |
| 8:16 | Create | Unit 2550 |
| 8:24 | Build | Settlement |
| 9:09 | Age | Feudal Age |
| 9:18 | Research | Tech 1402 |
| 9:24 | Create | Villager (Male) |
| 9:27 | Create | Villager (Male) |
| 10:04 | Research | Double-Bit Axe |
| 10:08 | Research | Horse Collar |
| 10:16 | Create | Unit 2550 |
| 10:28 | Build | Farm |
| 10:31 | Build | Farm |
| 11:03 | Create | Unit 2550 |
| 11:04 | Create | Villager (Male) |
| 11:12 | Create | Unit 2550 |
| 11:12 | Create | Villager (Male) |
| 11:15 | Build | Blacksmith |
| 11:36 | Create | Villager (Male) |
| 11:47 | Build | Settlement |
| 11:53 | Create | Unit 2550 |
| 11:54 | Create | Villager (Male) |
| 12:01 | Build | Farm |
| 12:06 | Create | Villager (Male) |
| 12:21 | Create | Unit 2550 |
| 13:01 | Create | Unit 2550 |
| 13:04 | Research | Scale Mail Armor |
| 13:07 | Create | Villager (Male) |
| 13:11 | Build | Farm |
| 13:22 | Create | Unit 2550 |
| 13:23 | Create | Villager (Male) |
| 13:40 | Build | Farm |
| 14:01 | Create | Unit 2550 |
| 14:04 | Create | Villager (Male) |
| 14:08 | Build | Farm |
| 14:23 | Research | Town Watch |
| 14:41 | Build | Farm |
| 15:41 | Build | Watch Tower |
| 15:47 | Create | Unit 2550 |
| 15:48 | Create | Unit 2550 |
| 16:08 | Create | Villager (Male) |
| 16:26 | Create | Unit 2550 |
| 16:46 | Create | Villager (Male) |
| 16:48 | Research | Wheelbarrow |
| 18:12 | Build | Market |
| 18:25 | Build | Watch Tower |
| 18:31 | Create | Unit 2550 |
| 18:35 | Create | Unit 2550 |
| 18:57 | Research | Castle Age |
| 19:29 | Build | Barracks |
| 19:38 | Create | Unit 2550 |
| 19:41 | Research | Forging |
| 19:45 | Create | Unit 2550 |
| 20:20 | Create | Unit 2550 |
| 20:36 | Create | Unit 2550 |
| 20:37 | Create | Unit 2550 |
| 21:37 | Age | Castle Age |
| 21:43 | Research | Squires |
| 21:43 | Research | Squires |
| 22:17 | Research | Tech 1351 |
| 22:18 | Create | Villager (Male) |
| 22:19 | Create | Villager (Male) |
| 22:29 | Build | Town Center |
| 22:42 | Create | Villager (Male) |
| 22:59 | Create | Unit 2550 |
| 23:00 | Create | Unit 2550 |
| 23:14 | Create | Unit 2550 |
| 23:20 | Create | Villager (Male) |
| 23:22 | Build | Farm |
| 23:24 | Build | Farm |
| 23:25 | Build | Farm |
| 23:34 | Create | Unit 2550 |
| 23:38 | Build | Farm |
| 23:39 | Build | Farm |
| 23:42 | Build | Farm |
| 23:44 | Build | Farm |
| 23:51 | Create | Unit 2550 |
| 23:51 | Create | Unit 2550 |
| 24:06 | Create | Unit 2550 |
| 24:10 | Create | Villager (Male) |
| 24:12 | Create | Villager (Male) |
| 24:12 | Create | Villager (Male) |
| 24:15 | Build | Farm |
| 24:19 | Build | Farm |
| 24:27 | Create | Unit 2550 |
| 24:31 | Create | Unit 2550 |
| 24:36 | Create | Unit 2550 |
| 24:45 | Create | Villager (Male) |
| 24:46 | Create | Villager (Male) |
| 25:00 | Create | Unit 2550 |
| 25:00 | Create | Unit 2550 |
| 25:14 | Create | Villager (Male) |
| 25:15 | Create | Villager (Male) |
| 25:33 | Create | Villager (Male) |
| 25:33 | Create | Villager (Male) |
| 25:33 | Create | Villager (Male) |
| 25:50 | Research | Arson |
| 26:07 | Create | Unit 2550 |
| 26:08 | Create | Unit 2550 |
| 26:09 | Create | Villager (Male) |
| 26:11 | Create | Villager (Male) |
| 26:13 | Build | Monastery |
| 26:28 | Create | Unit 2550 |
| 26:30 | Create | Villager (Male) |
| 26:33 | Build | House |
| 26:35 | Build | Farm |
| 26:50 | Research | Chain Mail Armor |
| 26:50 | Research | Chain Mail Armor |
| 27:00 | Create | Villager (Male) |
| 27:04 | Build | Farm |
| 27:08 | Create | Unit 2550 |
| 27:09 | Create | Unit 2550 |
| 27:13 | Create | Villager (Male) |
| 27:37 | Create | Unit 2550 |
| 27:38 | Create | Unit 2550 |
| 27:39 | Create | Villager (Male) |
| 27:40 | Create | Villager (Male) |
| 27:57 | Build | Town Center |
| 28:03 | Build | House |
| 28:20 | Create | Unit 2550 |
| 28:22 | Create | Villager (Male) |
| 28:22 | Create | Villager (Male) |
| 28:23 | Create | Villager (Male) |
| 28:27 | Build | Farm |
| 28:33 | Create | Unit 2550 |
| 28:37 | Create | Villager (Male) |
| 28:38 | Create | Villager (Male) |
| 28:52 | Build | Town Center |
Build order — チャンス
First 150 of 340 actions detected
| 0:00 | Create | Villager (Male) |
| 0:01 | Create | Villager (Male) |
| 0:02 | Build | House |
| 0:03 | Build | House |
| 0:04 | Create | Villager (Male) |
| 0:04 | Create | Villager (Male) |
| 1:27 | Create | Villager (Male) |
| 1:44 | Build | Lumber Camp |
| 1:53 | Create | Villager (Male) |
| 2:07 | Create | Villager (Male) |
| 2:29 | Create | Villager (Male) |
| 2:56 | Create | Villager (Male) |
| 2:56 | Create | Villager (Male) |
| 3:21 | Create | Villager (Male) |
| 3:47 | Build | House |
| 3:49 | Build | House |
| 3:52 | Create | Villager (Male) |
| 4:05 | Create | Villager (Male) |
| 4:05 | Create | Villager (Male) |
| 4:20 | Create | Villager (Male) |
| 4:30 | Create | Villager (Male) |
| 4:30 | Create | Villager (Male) |
| 5:13 | Create | Villager (Male) |
| 5:26 | Build | Mill |
| 5:29 | Create | Villager (Male) |
| 5:42 | Create | Villager (Male) |
| 6:00 | Research | Loom |
| 6:56 | Research | Feudal Age |
| 7:03 | Build | Barracks |
| 7:10 | Build | Barracks |
| 7:17 | Build | House |
| 7:59 | Build | Palisade Wall |
| 8:01 | Build | Palisade Wall |
| 8:02 | Build | Palisade Wall |
| 8:12 | Build | House |
| 8:15 | Build | Palisade Wall |
| 8:15 | Build | Palisade Wall |
| 8:17 | Create | Villager (Male) |
| 8:33 | Create | Villager (Male) |
| 8:50 | Create | Villager (Male) |
| 9:06 | Age | Feudal Age |
| 9:19 | Build | Archery Range |
| 9:32 | Research | Double-Bit Axe |
| 9:33 | Research | Horse Collar |
| 9:55 | Build | Mining Camp |
| 10:02 | Create | Villager (Male) |
| 10:07 | Build | Palisade Wall |
| 10:13 | Create | Archer |
| 10:21 | Build | House |
| 10:22 | Build | Palisade Wall |
| 10:30 | Create | Villager (Male) |
| 11:04 | Create | Villager (Male) |
| 11:09 | Build | House |
| 11:14 | Build | Palisade Wall |
| 11:14 | Build | Palisade Wall |
| 11:15 | Build | Palisade Wall |
| 11:16 | Create | Villager (Male) |
| 11:22 | Build | Palisade Gate |
| 11:29 | Create | Villager (Male) |
| 11:29 | Create | Archer |
| 11:37 | Create | Villager (Male) |
| 12:02 | Build | Farm |
| 12:04 | Build | Farm |
| 12:07 | Build | Farm |
| 12:08 | Create | Villager (Male) |
| 12:10 | Build | Farm |
| 12:26 | Create | Villager (Male) |
| 12:38 | Create | Archer |
| 12:52 | Create | Archer |
| 13:11 | Build | Blacksmith |
| 13:13 | Create | Villager (Male) |
| 13:14 | Create | Archer |
| 13:23 | Create | Villager (Male) |
| 13:33 | Create | Archer |
| 13:49 | Build | Farm |
| 14:01 | Create | Archer |
| 14:13 | Research | Fletching |
| 14:16 | Create | Villager (Male) |
| 14:20 | Build | Farm |
| 14:23 | Build | Farm |
| 14:26 | Create | Villager (Male) |
| 14:27 | Create | Archer |
| 14:33 | Create | Archer |
| 14:40 | Create | Villager (Male) |
| 14:43 | Build | Farm |
| 14:46 | Build | Farm |
| 14:49 | Create | Villager (Male) |
| 15:13 | Create | Archer |
| 16:00 | Create | Villager (Male) |
| 16:07 | Create | Archer |
| 16:25 | Build | House |
| 16:29 | Build | House |
| 16:33 | Build | House |
| 16:38 | Build | Palisade Wall |
| 16:41 | Build | House |
| 16:44 | Create | Villager (Male) |
| 16:51 | Build | House |
| 17:05 | Create | Villager (Male) |
| 17:10 | Create | Villager (Male) |
| 17:50 | Create | Villager (Male) |
| 18:16 | Research | Castle Age |
| 18:32 | Build | Lumber Camp |
| 18:48 | Build | House |
| 18:57 | Build | Palisade Wall |
| 18:59 | Build | Palisade Wall |
| 19:14 | Research | Wheelbarrow |
| 19:33 | Research | Gold Mining |
| 19:38 | Research | Town Watch |
| 21:02 | Create | Archer |
| 21:04 | Age | Castle Age |
| 21:19 | Build | Town Center |
| 21:27 | Create | Villager (Male) |
| 21:36 | Build | Monastery |
| 21:52 | Research | Bow Saw |
| 21:58 | Build | Town Center |
| 22:12 | Create | Villager (Male) |
| 22:13 | Create | Villager (Male) |
| 22:17 | Create | Villager (Male) |
| 22:21 | Create | Monk |
| 22:29 | Create | Villager (Male) |
| 22:44 | Create | Villager (Male) |
| 23:00 | Create | Villager (Male) |
| 23:04 | Create | Villager (Male) |
| 23:14 | Create | Villager (Male) |
| 23:15 | Create | Monk |
| 23:16 | Create | Villager (Male) |
| 23:16 | Create | Villager (Male) |
| 23:21 | Create | Villager (Male) |
| 23:21 | Create | Villager (Male) |
| 23:23 | Build | House |
| 23:25 | Create | Villager (Male) |
| 23:33 | Build | Town Center |
| 23:34 | Create | Villager (Male) |
| 23:38 | Create | Monk |
| 23:39 | Create | Villager (Male) |
| 23:40 | Create | Villager (Male) |
| 23:51 | Build | Farm |
| 23:53 | Build | Farm |
| 23:54 | Build | Farm |
| 24:06 | Create | Monk |
| 24:17 | Create | Villager (Male) |
| 24:23 | Build | Siege Workshop |
| 24:24 | Create | Villager (Male) |
| 24:27 | Create | Villager (Male) |
| 24:32 | Create | Villager (Male) |
| 24:40 | Create | Villager (Male) |
| 24:49 | Create | Villager (Male) |
| 24:49 | Create | Villager (Male) |
| 24:54 | Create | Villager (Male) |
| 24:54 | Create | Villager (Male) |
Match timeline
| 7:03 | チャンス · first_building Barracks |
| 7:11 | SbS | Havoc · first_building Barracks |
| 7:59 | チャンス · wall_segment Palisade Wall x1 |
| 8:01 | チャンス · wall_segment Palisade Wall x4 |
| 8:02 | チャンス · wall_segment Palisade Wall x1 |
| 8:15 | チャンス · wall_segment Palisade Wall x1 |
| 8:15 | チャンス · wall_segment Palisade Wall x1 |
| 9:06 | チャンス · age_up feudal |
| 9:09 | SbS | Havoc · age_up feudal |
| 9:19 | チャンス · first_building Archery Range |
| 10:07 | チャンス · wall_segment Palisade Wall x8 |
| 10:22 | チャンス · wall_segment Palisade Wall x1 |
| 11:14 | チャンス · wall_segment Palisade Wall x3 |
| 11:14 | チャンス · wall_segment Palisade Wall x1 |
| 11:15 | チャンス · wall_segment Palisade Wall x1 |
| 16:38 | チャンス · wall_segment Palisade Wall x2 |
| 18:57 | チャンス · wall_segment Palisade Wall x1 |
| 18:59 | チャンス · wall_segment Palisade Wall x1 |
| 21:04 | チャンス · age_up castle |
| 21:36 | チャンス · first_building Monastery |
| 21:37 | SbS | Havoc · age_up castle |
| 24:23 | チャンス · first_building Siege Workshop |
| 26:13 | SbS | Havoc · first_building Monastery |
| 26:58 | チャンス · first_market_buy 100 stone |
| 27:43 | チャンス · first_market_sell 500 wood |
| 28:15 | チャンス · first_building Castle |
| 33:47 | チャンス · first_building Donjon |
| 33:54 | SbS | Havoc · first_building Castle |
| 35:15 | SbS | Havoc · resign |
[ AI ANALYSIS · 1 CREDIT ]
What really happened in this match?
Wolo.gg analyzes every decision: build order, eco, micro, common mistakes by bracket. Personalized analysis on WhatsApp or Discord in 30 seconds.
Civ guide
Inca
Map guide
MegaRandom
Perfil
Jugador #572821